 Dungeon Crawl Stone Soup version 0.28-a0-1233-g92def6ad0a (webtiles) character file.

Game seed: 323014803664901392

79 Lekart the Skirmisher (level 4, -1/40 HPs)
             Began as a Draconian Chaos Knight on Dec 23, 2021.
             Was a Plaything of Xom.
             Slain by a goblin (3 damage)
             ... led by Robin
             ... on level 2 of the Dungeon.
             The game lasted 00:03:18 (2052 turns).

Lekart the Skirmisher (Draconian Chaos Knight)      Turns: 2052, Time: 00:03:19

Health: -1/40      AC:  5    Str: 14      XL:     4   Next: 16%
Magic:  4/4        EV: 12    Int: 12      God:    Xom [......]
Gold:   119        SH:  0    Dex: 11 (13) Spells: 3/3 levels left

rFire   . . .      SeeInvis .   c - +0 short sword (elec)
rCold   . . .      Faith    .   (no shield)
rNeg    . . .      Spirit   .   (armour unavailable)
rPois   .          Reflect  .   (helmet restricted)
rElec   .          Harm     .   (no cloak)
rCorr   .          Rampage  .   (no gloves)
Will    .....                   (no boots)
Stlth   +.........              (no amulet)
HPRegen 0.13/turn               (no ring)
MPRegen 0.09/turn               (no ring)

@: weak-willed
A: AC +5, unfitting armour, cold-blooded
a: Renounce Religion


You were on level 2 of the Dungeon.
You worshipped Xom.
You were a very special plaything of Xom.
You visited 1 branch of the dungeon, and saw 2 of its levels.

You collected 119 gold pieces.

Inventory:

Hand Weapons
 a - a +0 hand axe of chaos
 c - a +0 short sword of electrocution (weapon)
Scrolls
 i - a scroll of vulnerability
 j - a scroll of teleportation {unknown}
Potions
 d - 2 potions of haste {unknown}
 e - a potion of degeneration {unknown}
 f - 2 potions of heal wounds {unknown}
 g - a potion of magic


   Skills:
 + Level 4.1 Fighting
 + Level 0.8 Short Blades
 + Level 3.7 Axes
 + Level 2.8 Dodging


You had 3 spell levels left.
You didn't know any spells.
Your spell library contained the following spells:

 Spells                   Type           Power      Damage    Failure   Level
 Slow                     Hex            0%         N/A       32%         1
 Confusing Touch          Hex            0%         N/A       69%         3
 Vampiric Draining        Necr           0%         2d6       69%         3


Dungeon Overview and Level Annotations

Branches:
Dungeon (2/15)

Altars:

Annotations:
D:2 Robin


Innate Abilities, Weirdness & Mutations

Your plain brown scales are hard. (AC +5)
You cannot fit into any form of body armour.
You are cold-blooded and may be slowed by cold attacks.


Message History

You barely miss the goblin. The giant cockroach bites you.
The goblin barely misses you. The goblin hits you but does no damage.
The goblin hits you with a +0 club. The goblin hits you with a +0 dagger.
The goblin closely misses you. The goblin barely misses you.
You barely miss the goblin. The giant cockroach closely misses you.
The goblin barely misses you. The goblin hits you but does no damage.
The goblin barely misses you. The goblin hits you but does no damage.
The goblin hits you with a +0 club.
Robin roars a battlecry!
The goblins go into a battle-frenzy!
The goblin hits you but does no damage.
You barely miss the goblin. The giant cockroach barely misses you.
The goblin completely misses you. The goblin barely misses you.
The goblin closely misses you. The goblin hits you with a +0 dagger.
The goblin misses you. The goblin barely misses you.
As you read the scroll labelled POOSAUZEIM, it crumbles to dust.
It is a scroll of amnesia.
You feel forgetful for a moment.
The giant cockroach bites you but does no damage.
The goblin hits you with a +0 dagger. The goblin closely misses you.
The goblin hits you but does no damage. The goblin hits you with a +0 dagger.
The goblin hits you with a +0 club. The goblin closely misses you.
The giant cockroach closely misses you.
As you read the scroll labelled PAITIPUONU, it crumbles to dust.
The scroll dissolves into smoke.
It was a scroll of fog.
The goblin closely misses you. The goblin hits you with a +0 dagger.
* * * LOW HITPOINT WARNING * * *
The goblin hits you with a +0 club.
* * * LOW HITPOINT WARNING * * *
The goblin hits you but does no damage. The giant cockroach bites you.
* * * LOW HITPOINT WARNING * * *
The goblin hits you with a +0 club.
* * * LOW HITPOINT WARNING * * *
The goblin hits you but does no damage.
As you read the scroll labelled OHURRY ELAONK, it crumbles to dust.
Magic quickly surges around you.
It was a scroll of vulnerability.
The giant cockroach bites you but does no damage.
The goblin hits you with a +0 dagger.
You die...
Xom cackles wildly!

#..............#.## #.#
######.#########.# ###.## #.#
#+## ##....# #.# #...##
#.#...# #.# ##.....## ##....#
###.## ##.......# #.#.##
##....####gg.......###....##
##.#....).gggB§.....+.....†..
##.###..####g@gg.....##.#...##
##.## ##.## ##gg§....# #....##
#.## ##.# ##§§...## ####.#
##.## ##.## #...## #.#
##.###.## #+## #.# ##.#.####
#.# ##.....# #.# ###.......
#.# .#.###. #.#


You could see Robin (weak-willed), a giant cockroach (weak-willed), 3 hobgoblins
and 6 goblins.

Vanquished Creatures
  Terence (D:2)
  An adder (D:2)
  3 dart slugs
  4 bats
  2 endoplasms
  5 goblins
  5 hobgoblins
  2 kobolds (D:1)
  4 quokkas
  A ball python (D:1)
  6 frilled lizards
  3 rats
37 creatures vanquished.

Vanquished Creatures (collateral kills)
  An endoplasm (D:1)
  A kobold (D:1)
2 creatures vanquished.

Grand Total: 39 creatures vanquished

Notes
Turn   | Place    | Note
-------+----------+-------------------------------------------
     0 | D:1      | Lekart the Draconian Chaos Knight began the quest for the
                  | Orb.
     0 | D:1      | Reached XP level 1. HP: 19/19 MP: 1/1
     0 | D:1      | Noticed an orb of fire
     1 | D:1      | Noticed a shadow dragon
     3 | D:1      | Noticed a large abomination
     7 | D:1      | Noticed a tentacled monstrosity
     8 | D:1      | Noticed an iron dragon
     9 | D:1      | Noticed a red draconian
    11 | D:1      | Noticed a shadow dragon
    11 | D:1      | Noticed an orb of fire
    13 | D:1      | Noticed an ice dragon
    15 | D:1      | Noticed a shadow dragon
    17 | D:1      | Noticed a green draconian
    17 | D:1      | Noticed an ice dragon
    17 | D:1      | Noticed an ice dragon
    19 | D:1      | Noticed a green draconian
    19 | D:1      | Noticed a tentacled monstrosity
    21 | D:1      | Noticed an orb of fire
   126 | D:1      | Reached XP level 2. HP: 26/26 MP: 2/2
   152 | D:1      | XOM: silly message
   701 | D:1      | XOM: cast spell 'Call Canine Familiar'
   780 | D:1      | XOM: summons 2 hostile demons
   783 | D:1      | XOM: divination: detect items
   874 | D:1      | XOM: summons 1 hostile shadow creature
  1131 | D:2      | Noticed Terence
  1143 | D:2      | Killed Terence
  1144 | D:2      | Reached XP level 3. HP: 16/33 MP: 3/3
  1421 | D:2      | Reached skill level 4 in Fighting
  1817 | D:2      | Reached XP level 4. HP: 40/40 MP: 4/4
  2042 | D:2      | Noticed Robin
  2046 | D:2      | XOM: swap monsters
  2051 | D:2      | HP: 2/40 [goblin[Robin] (3)]
  2052 | D:2      | Slain by a goblin

Illustrated notes

Levels and vault maps discovered:
D:1:      shiori_arrival_whats_in_store_for_you, layout_loops_ring,
          nicolae_concentric_dashed_squares_wild, minmay_unequal
D:2:      layout_loops_corners, minmay_octomino_c4, uniq_terence,
          uniq_crazy_yiuf_cottage, uniq_robin

Skill      XL: |  1  2  3 |
---------------+----------+-----
Fighting       | 4 |  4.1
Short Blades   | |  0.8
Axes           | |  3.7
Dodging        | |  2.8

Action                   |  1- 3 |  4- 6 || total
-------------------------+-------+-------++-------
Melee: Hand axe          |    20 |       ||    20
       Tailslap          |     6 |     3 ||     9
       Short sword       |    91 |    16 ||   107
  Use: Potion            |     3 |       ||     3
       Scroll            |     1 |     3 ||     4
 Stab: Sleeping          |     2 |       ||     2
Armor: Skin              |    63 |    15 ||    78
Dodge: Dodged            |   124 |    31 ||   155

Table legend: (Time is in decaauts)
 A = Elapsed time spent in this place.
 B = Non-inter-level travel time spent in this place.
 C = Inter-level travel time spent in this place.
 D = Time resting spent in this place.
 E = Time spent auto-exploring this place.
 F = Levels seen in this place.
 G = Mean time per level.
                   A        B        C        D        E       F      G
               +--------+--------+--------+--------+--------+-----+--------+
         Total |   2065 |   2061 |      4 |    538 |   1206 |   2 | 1032.5 |
       Dungeon |   2065 |   2061 |      4 |    538 |   1206 |   2 | 1032.5 |
               +--------+--------+--------+--------+--------+-----+--------+

Top non-repeatable levels by time:
     D:1: 1097 daAuts
     D:2: 968 daAuts
